[Event "ICC tourney 2039 (30 10)"]
[Site "Internet Chess Club"]
[Date "2020.10.04"]
[Round "4"]
[White "ABecker755"]
[Black "Elatedbook"]
[Result "1/2-1/2"]
[ICCResult "Game drawn because neither player has mating material"]
[WhiteElo "1280"]
[BlackElo "1253"]
[Opening "Ruy Lopez: exchange variation, 5.O-O"]
[ECO "C68"]
[NIC "RL.08"]
[Time "17:01:26"]
[TimeControl "1800+10"]

1. e4 e5 2. Nf3 Nc6 3. Bb5 a6 4. Bxc6 dxc6 5. O-O Bd6 6. d4 exd4 7. Qxd4 f6
8. Rd1 c5 9. Qd5 Ne7 10. Qd3 O-O 11. c4 Be6 12. b3 Qe8 13. Bb2 Nc6 14. Nc3
Nb4 15. Qd2 Rd8 16. Qe2 Qf7 17. Nd5 Nxd5 18. exd5 Bd7 19. Re1 Rde8 20. Qd2
Qg6 21. Nh4 Qh5 22. g3 Qf7 23. Re3 Rxe3 24. Qxe3 Re8 25. Qd2 Bg4 26. Re1 b5
27. f3 Bd7 28. Kf2 Bf8 29. Re3 c6 30. Qe2 Rxe3 31. Qxe3 cxd5 32. cxd5 Qxd5
33. Qe4 Qd2+ 34. Qe2 Qd5 35. Qe4 Qxe4 36. fxe4 Bd6 37. Nf5 Bxf5 38. exf5 Kf7
39. Kf3 Ke7 40. h3 Bc7 41. g4 Kd6 42. Ke4 Bd8 43. Ba3 Be7 44. Bc1 Kc6 45. h4
Bd6 46. g5 fxg5 47. Bxg5 Bg3 48. h5 Be1 49. h6 Bc3 50. hxg7 Bxg7 51. f6 Bxf6
52. Bxf6 a5 53. Kd3 h5 54. Ke4 Kd6 55. Be5+ Kc6 56. Bc3 a4 57. bxa4 bxa4 58.
Ke3 Kb5 59. Kd3 h4 60. Ke3 Kc4 61. Ba5 h3 62. Kf3 Kd3 63. Kg3 Kc2 64. Kxh3
Kb2 65. Kg3 Kxa2 66. Kf3 Kb2 67. Ke3 a3 68. Kd3 a2 69. Bc3+ Kb1 70. Kc4 a1=Q
71. Bxa1 Kxa1 72. Kxc5 {Game drawn because neither player has mating
material} 1/2-1/2

[Event "ICC tourney 2039 (30 10)"]
[Site "Internet Chess Club"]
[Date "2020.10.04"]
[Round "4"]
[White "orwind"]
[Black "GlibNest"]
[Result "1-0"]
[ICCResult "Black checkmated"]
[WhiteElo "1513"]
[BlackElo "1505"]
[Opening "Sicilian: Nimzovich-Rossolimo attack (with ...g6, without ...d6)"]
[ECO "B31"]
[NIC "SI.31"]
[Time "17:01:23"]
[TimeControl "1800+10"]

1. e4 c5 2. Nf3 Nc6 3. Bb5 g6 4. O-O Bg7 5. Nc3 e5 6. d3 Nge7 7. Be3 d6 8.
a4 O-O 9. Qd2 Nd4 10. Bxd4 cxd4 11. Ne2 Bg4 12. Ne1 Bh6 13. Qd1 d5 14. exd5
Nxd5 15. h3 Be6 16. Nf3 Qc8 17. Kh2 Qc7 18. Kh1 Rac8 19. Bc4 Qc6 20. Nxe5
Qd6 21. Nf3 Nf4 22. Bxe6 Nxe6 23. Ng3 Qc6 24. Ne1 Nf4 25. Kh2 Rfe8 26. Qf3
Qxf3 27. gxf3 Ne2 28. Ne4 Re6 29. Rd1 f5 30. Ng3 Nxg3 31. Kxg3 Re2 32. f4 g5
33. Kf3 Rce8 34. fxg5 Bxg5 35. Rg1 Kh8 36. Rxg5 Rxe1 37. Rxe1 Rxe1 38. Rxf5
Rb1 39. Rb5 b6 40. Ke4 Rc1 41. Kxd4 Rxc2 42. Ke3 Kg7 43. b4 Kf6 44. a5 bxa5
45. Rxa5 Rc7 46. d4 Re7+ 47. Kf4 Rd7 48. Ra6+ Kf7 49. Ke5 Re7+ 50. Kd5 Rd7+
51. Kc5 Rc7+ 52. Rc6 Re7 53. d5 Ke8 54. Re6 Rxe6 55. dxe6 Ke7 56. Kd5 h6 57.
f4 h5 58. f5 h4 59. b5 Kf6 60. Kd6 Kxf5 61. e7 Kf4 62. e8=Q Kg3 63. Qe3+ Kg2
64. Ke5 Kh2 65. Qf3 Kg1 66. Qe2 Kh1 67. Kf4 Kg1 68. Kf3 Kh1 69. Qg2#
{Black checkmated}
1-0

[Event "ICC tourney 2039 (30 10)"]
[Site "Internet Chess Club"]
[Date "2020.10.04"]
[Round "4"]
[White "nnrs"]
[Black "jacobsperber"]
[Result "0-1"]
[ICCResult "White checkmated"]
[WhiteElo "1494"]
[BlackElo "1212"]
[Opening "King's Indian: Averbakh system"]
[ECO "E73"]
[NIC "KI.26"]
[Time "17:01:29"]
[TimeControl "1800+10"]

1. d4 Nf6 2. c4 g6 3. Nc3 Bg7 4. e4 d6 5. Be2 O-O 6. Bg5 h6 7. Be3 e5 8. d5
Nbd7 9. Qd2 Kh7 10. g4 Nc5 11. f3 Bd7 12. g5 hxg5 13. Bxg5 a5 14. h4 Qc8 15.
Qe3 Nh5 16. f4 f6 17. Bxh5 gxh5 18. f5 Bxf5 19. exf5 Qxf5 20. O-O-O fxg5 21.
hxg5 Qg6 22. Nge2 Rf5 23. Rdg1 Raf8 24. Ng3 Rxg5 25. Nxh5 Rxg1+ 26. Qxg1
Nd3+ 27. Kb1 Qxg1+ 28. Rxg1 Bh6 29. Ne4 Nf4 30. Nhf6+ Kh8 31. Kc2 Ne2 32.
Rg4 Nd4+ 33. Kd1 Nf5 34. Rg6 Bg7 35. Rg5 Bxf6 36. Rxf5 Kg7 37. c5 Be7 38.
Rxf8 Bxf8 39. cxd6 Bxd6 40. Nxd6 cxd6 41. Ke2 Kf6 42. a3 e4 43. b4 axb4 44.
axb4 b5 45. Kd2 Ke5 46. Ke3 Kxd5 47. Kd2 Kc4 48. Ke3 d5 49. Kd2 Kxb4 50. Kc2
Kc4 51. Kd2 b4 52. Kc2 d4 53. Kd2 e3+ 54. Ke2 b3 55. Kd1 b2 56. Kc2 e2 57.
Kxb2 e1=Q 58. Kc2 d3+ 59. Kb2 Qc3+ 60. Kb1 d2 61. Ka2 Qb4 62. Ka1 d1=Q+ 63.
Ka2 Qdb3+ 64. Ka1 Q4a3# {White checkmated} 0-1

[Event "ICC tourney 2039 (30 10)"]
[Site "Internet Chess Club"]
[Date "2020.10.04"]
[Round "5"]
[White "andrewj508"]
[Black "alfvelas1"]
[Result "1-0"]
[ICCResult "Black resigns"]
[WhiteElo "1206"]
[BlackElo "1393"]
[Opening "French: MacCutcheon, advance variation"]
[ECO "C12"]
[NIC "FR.05"]
[Time "19:01:44"]
[TimeControl "1800+10"]

1. e4 e6 2. d4 d5 3. Nc3 Nf6 4. Bg5 Bb4 5. e5 h6 6. Bxf6 gxf6 7. Nf3 Nc6 8.
a3 Bxc3+ 9. bxc3 fxe5 10. Bb5 Bd7 11. Bxc6 Bxc6 12. Nxe5 Qe7 13. Qe2 a6 14.
Rb1 Qxa3 15. Qf3 Rf8 16. O-O Qe7 17. Rb3 Rg8 18. Rfb1 Ra7 19. Nxc6 bxc6 20.
Rb8+ Kd7 21. Rxg8 a5 22. Rbb8 c5 23. Rbe8 Qxe8 24. Rxe8 Kxe8 25. c4 a4 26.
Qa3 cxd4 27. cxd5 exd5 28. Kf1 Kd7 29. Ke2 f5 30. Kd3 c6 31. Kxd4 Ra5 32.
Ke5 h5 33. Kxf5 c5 34. Ke5 Kc6 35. Kf4 d4 36. Ke4 Kb5 37. Kd3 Kc6 38. f4 Kb6
39. f5 Kb5 40. f6 Ra6 41. f7 Rf6 42. Qa2 Rf2 43. Qc4+ Kc6 44. Qa6+ Kd7 45.
Qb7+ Ke6 46. Qb6+ Kxf7 47. Qxc5 Rxg2 48. Qxh5+ Kf8 49. Qf3+ {Black resigns}
1-0

[Event "ICC tourney 2039 (30 10)"]
[Site "Internet Chess Club"]
[Date "2020.10.04"]
[Round "5"]
[White "Elatedbook"]
[Black "ChessG2011"]
[Result "1-0"]
[ICCResult "Black resigns"]
[WhiteElo "1270"]
[BlackElo "1175"]
[Opening "Ruy Lopez: four knights (Tarrasch) variation"]
[ECO "C48"]
[NIC "KP.03"]
[Time "19:01:46"]
[TimeControl "1800+10"]

1. e4 e5 2. Nf3 Nc6 3. Nc3 Nf6 4. Bb5 a6 5. Ba4 b5 6. Bb3 Bc5 7. O-O O-O 8.
d3 h6 9. Be3 Bxe3 10. fxe3 Na5 11. d4 exd4 12. exd4 Nxb3 13. axb3 Bb7 14. e5
Nd5 15. Qd2 d6 16. exd6 Qxd6 17. Rae1 Rfe8 18. Ne2 Nf6 19. Ng3 Rad8 20. c3
c5 21. Nf5 Qd5 22. Re5 Rxe5 23. Nxe5 cxd4 24. Ne7+ {Black resigns} 1-0

[Event "ICC tourney 2039 (30 10)"]
[Site "Internet Chess Club"]
[Date "2020.10.04"]
[Round "5"]
[White "solveur"]
[Black "atharvamchess"]
[Result "1-0"]
[ICCResult "Black checkmated"]
[WhiteElo "1258"]
[BlackElo "1495"]
[Opening "QGD: Semi-Tarrasch defense"]
[ECO "D40"]
[NIC "TD.05"]
[Time "19:02:38"]
[TimeControl "1800+10"]

1. d4 d5 2. c4 e6 3. Nc3 Nf6 4. Nf3 c5 5. e3 Nc6 6. cxd5 Nxd5 7. Bc4 Nf6 8.
O-O Be7 9. Ne5 cxd4 10. Nxc6 bxc6 11. exd4 O-O 12. Be3 Nd5 13. Qf3 Nxe3 14.
fxe3 Qb6 15. Na4 Qc7 16. Rac1 Bb7 17. Bd3 Qd7 18. Be4 Rfc8 19. Qxf7+ Kh8 20.
Qh5 h6 21. Qg6 Rf8 22. Qh7# {Black checkmated} 1-0

[Event "ICC tourney 2039 (30 10)"]
[Site "Internet Chess Club"]
[Date "2020.10.04"]
[Round "5"]
[White "jacobsperber"]
[Black "raremystery"]
[Result "0-1"]
[ICCResult "White resigns"]
[WhiteElo "1196"]
[BlackElo "1680"]
[Opening "Torre attack (Tartakower variation)"]
[ECO "D03"]
[NIC "QP.08"]
[Time "19:01:44"]
[TimeControl "1800+10"]

1. d4 d5 2. Nf3 Nf6 3. Bg5 e6 4. e3 Be7 5. Bd3 O-O 6. O-O h6 7. Bh4 b6 8. c4
Bb7 9. Nc3 c5 10. Bxf6 Bxf6 11. cxd5 exd5 12. Rc1 Qe7 13. Bb1 Rd8 14. Qd3 g6
15. a3 Ba6 16. Qc2 Bxf1 17. Rxf1 Nc6 18. Re1 Qb7 19. h4 h5 {White resigns}
0-1

[Event "ICC tourney 2039 (30 10)"]
[Site "Internet Chess Club"]
[Date "2020.10.04"]
[Round "5"]
[White "SunnyCountry"]
[Black "DavidNest"]
[Result "1-0"]
[ICCResult "Black checkmated"]
[WhiteElo "1212"]
[BlackElo "1232"]
[Opening "Sicilian: dragon variation"]
[ECO "B70"]
[NIC "SI.15"]
[Time "19:01:45"]
[TimeControl "1800+10"]

1. e4 c5 2. Nf3 d6 3. d4 cxd4 4. Nxd4 Nf6 5. Nc3 g6 6. f3 Bg7 7. Bc4 O-O 8.
O-O Qb6 9. Ne2 e5 10. c3 exd4 11. Nxd4 Nc6 12. Kh1 Nd7 13. Nb3 Nce5 14. Be2
Rd8 15. Bg5 f6 16. Bf4 g5 17. Bd2 Nc5 18. Nxc5 dxc5 19. Qc2 Qd6 20. Rad1 Qe6
21. b3 g4 22. f4 Nc6 23. Bc4 Na5 24. Bxe6+ Bxe6 25. c4 Nc6 26. f5 Nd4 27.
Qb2 Bf7 28. Bc3 Nc6 29. Bxf6 Rxd1 30. Rxd1 Bf8 31. e5 Bh5 32. Rd7 Rb8 33.
Qd2 Be8 34. Qg5+ Bg6 35. fxg6 h6 36. Qxg4 Re8 37. g7 Bd6 38. Rxd6 Nb4 39.
Rd8 Rxd8 40. Bxd8 Nd3 41. Qe6+ Kxg7 42. Bf6+ Kg6 43. Qg8+ Kf5 44. g4+ Ke4
45. e6 Nf2+ 46. Kg2 Nd3 47. e7 Ke3 48. e8=Q+ Kd2 49. Qe4 Kc2 50. Qe2+ Kb1
51. Qxd3+ Kxa2 52. Qd2+ Kxb3 53. Qb2+ Ka4 54. Qe8+ Ka5 55. Qa3+ Kb6 56. Bd8#
{Black checkmated}
1-0

[Event "ICC tourney 2039 (30 10)"]
[Site "Internet Chess Club"]
[Date "2020.10.04"]
[Round "5"]
[White "APBrain"]
[Black "Nacaroa-Dan"]
[Result "1/2-1/2"]
[ICCResult "Game drawn by repetition"]
[WhiteElo "1598"]
[BlackElo "1620"]
[Opening "Dutch with c4 & Nc3"]
[ECO "A85"]
[NIC "HD.05"]
[Time "19:01:46"]
[TimeControl "1800+10"]

1. d4 f5 2. c4 Nf6 3. Nc3 e6 4. Bf4 Bb4 5. a3 Bxc3+ 6. bxc3 b6 7. Qc2 Bb7 8.
Nf3 O-O 9. e3 d6 10. Be2 Nbd7 11. O-O Ne4 12. Bd3 Qe8 13. Nd2 Ndf6 14. Nxe4
Nxe4 15. f3 Nf6 16. e4 fxe4 17. fxe4 Nd7 18. e5 dxe5 19. Bxh7+ Kh8 20. Bg6
Qe7 21. Qe2 Qh4 22. g3 Qh3 23. Bxe5 Nxe5 24. dxe5 Kg8 25. Be4 Bxe4 26. Qxe4
Rad8 27. Qg2 Qg4 28. Rxf8+ Rxf8 29. Rf1 Qxc4 30. Rxf8+ Kxf8 31. Qf1+ Qxf1+
32. Kxf1 Kf7 33. h4 Kg6 34. g4 Kh6 35. Ke2 Kg6 36. Ke3 Kf7 37. Kd4 c6 38. a4
a5 39. c4 c5+ 40. Ke4 Kg6 41. Kf4 Kh6 42. h5 g5+ 43. hxg6 Kxg6 44. Kf3 Kh6
45. Kf4 Kg6 46. Kf3 Kh6 47. Kf4 Kg6 48. Kf3 Kh6 49. Kf4 Kg6
{Game drawn by repetition}
1/2-1/2

[Event "ICC tourney 2039 (30 10)"]
[Site "Internet Chess Club"]
[Date "2020.10.04"]
[Round "5"]
[White "Priccchess"]
[Black "MikeWMason"]
[Result "1-0"]
[ICCResult "Black resigns"]
[WhiteElo "1787"]
[BlackElo "1754"]
[Opening "Four knights: Italian variation"]
[ECO "C47"]
[NIC "RG.01"]
[Time "19:02:09"]
[TimeControl "1800+10"]

1. e4 e5 2. Nf3 Nf6 3. Nc3 Nc6 4. Bc4 Nxe4 5. Nxe4 d5 6. Bxd5 Qxd5 7. Nc3
Qd8 8. h3 Bd6 9. O-O O-O 10. d3 Nd4 11. Re1 Nxf3+ 12. Qxf3 c6 13. Bd2 Be6
14. Rad1 Qf6 15. Qxf6 gxf6 16. Ne4 Be7 17. Bh6 Rfe8 18. Re3 Bf5 19. Rf3 Bxe4
20. dxe4 Bf8 21. Bxf8 Kxf8 22. Rxf6 Ke7 23. Rfd6 Rad8 24. Rxd8 Rxd8 25. Rxd8
Kxd8 26. g3 Ke7 27. f4 exf4 28. gxf4 Ke6 29. Kf2 Kf6 30. Kg3 Kg6 31. f5+ Kf6
32. Kf4 h6 33. e5+ Kg7 34. Kg4 b6 35. h4 a5 36. f6+ Kg6 37. h5+ Kh7 38. Kf5
Kg8 39. e6 fxe6+ 40. Kxe6 Kf8 41. Kd6 c5 42. c4 Kf7 43. Ke5 Kf8 44. Ke6 Ke8
45. f7+ Kf8 46. Kf6 a4 47. a3 {Black resigns} 1-0

[Event "ICC tourney 2039 (30 10)"]
[Site "Internet Chess Club"]
[Date "2020.10.04"]
[Round "5"]
[White "Tiger2010"]
[Black "nnrs"]
[Result "0-1"]
[ICCResult "White resigns"]
[WhiteElo "746"]
[BlackElo "1529"]
[Opening "Sicilian: Kan variation"]
[ECO "B41"]
[NIC "SI.41"]
[Time "19:01:50"]
[TimeControl "1800+10"]

1. e4 c5 2. Nf3 e6 3. d4 cxd4 4. Nxd4 a6 5. Be2 Nf6 6. Nc3 Bb4 7. f3 Qc7 8.
Bd2 Bc5 9. Nb3 Ba7 10. Bg5 Qb6 11. Rf1 Nc6 12. Qd2 Qc7 13. Bf4 e5 14. Bg5 b5
15. O-O-O b4 16. Nd5 Nxd5 17. Qxd5 Nd4 18. Nxd4 Bxd4 19. Qxa8 O-O 20. Bxa6
b3 21. Bd3 Bb7 22. Qa3 bxa2 23. Qxa2 h6 24. Be7 Ra8 25. Qb1 Qa5 26. c3 Bxc3
27. bxc3 Qxc3+ 28. Bc2 Ra1 29. Qxa1 Qxa1+ 30. Kd2 Qd4+ 31. Ke2 Ba6+ 32. Bd3
Qb2+ 33. Rd2 Bxd3+ 34. Kxd3 Qb5+ 35. Ke3 Qxf1 36. Rxd7 Qe1+ {White resigns}
0-1

[Event "ICC tourney 2039 (30 10)"]
[Site "Internet Chess Club"]
[Date "2020.10.04"]
[Round "5"]
[White "saanvit"]
[Black "lmperfectFocus"]
[Result "1/2-1/2"]
[ICCResult "Game drawn by repetition"]
[WhiteElo "1641"]
[BlackElo "1547"]
[Opening "Giuoco Piano: four knights variation"]
[ECO "C50"]
[NIC "IG.02"]
[Time "19:01:57"]
[TimeControl "1800+10"]

1. e4 e5 2. Nf3 Nc6 3. Bc4 Bc5 4. Nc3 Nf6 5. a3 d6 6. h3 a6 7. d3 h6 8. Be3
Bxe3 9. fxe3 Be6 10. Ba2 O-O 11. O-O Re8 12. Nd5 Bxd5 13. exd5 Ne7 14. e4 c6
15. dxc6 Nxc6 16. Nh4 Qb6+ 17. Kh1 Qxb2 18. Rxf6 gxf6 19. Qg4+ Kh8 20. Bxf7
Qxa1+ 21. Kh2 Rg8 22. Qf5 Ne7 23. Qxf6+ Kh7 24. Qxe7 Rg7 25. Bg6+ Kh8 26.
Qf6 Qc1 27. Bf5 Qf4+ 28. Kh1 Kg8 29. Be6+ Kh7 30. Bf5+ Kg8 31. Be6+ Kh7 32.
Bf5+ Kg8 33. Be6+ Kh7 34. Bf5+ Kg8 35. Be6+ Kh7 36. Bf5+ Kg8
{Game drawn by repetition}
1/2-1/2

[Event "ICC tourney 2039 (30 10)"]
[Site "Internet Chess Club"]
[Date "2020.10.04"]
[Round "5"]
[White "Fredzhang"]
[Black "ChessStar22"]
[Result "1-0"]
[ICCResult "Black checkmated"]
[WhiteElo "1119"]
[BlackElo "1408"]
[Opening "Caro-Kann: two knights variation"]
[ECO "B10"]
[NIC "CK.01"]
[Time "19:01:48"]
[TimeControl "1800+10"]

1. e4 c6 2. Nf3 d5 3. Nc3 dxe4 4. Nxe4 Bf5 5. Ng3 Bg4 6. Be2 Nd7 7. O-O Ngf6
8. Re1 e6 9. Ng5 Bxe2 10. Qxe2 h6 11. Nf3 Be7 12. d4 O-O 13. Bf4 Nd5 14. Bd2
Qb6 15. c4 N5f6 16. b4 Qc7 17. a4 b6 18. b5 c5 19. Bc3 Rac8 20. d5 exd5 21.
Nf5 Bd6 22. cxd5 Rfe8 23. Qd2 Ne4 24. Rxe4 Rxe4 25. Bxg7 Bf4 26. Qc2 Rce8
27. Rd1 Re2 28. Qb1 Ne5 29. Bxe5 Bxe5 30. Nxh6+ Kg7 31. Nf5+ Kf6 32. g4
Bxh2+ 33. Kf1 R8e4 34. d6 Qd8 35. Nxh2 Qh8 36. Qa1+ Re5 37. d7 Qxh2 38.
d8=Q+ Kg6 39. Qg8+ Kf6 40. Rd6# {Black checkmated} 1-0

[Event "ICC tourney 2039 (30 10)"]
[Site "Internet Chess Club"]
[Date "2020.10.04"]
[Round "5"]
[White "GlibNest"]
[Black "ABecker755"]
[Result "1-0"]
[ICCResult "Black checkmated"]
[WhiteElo "1528"]
[BlackElo "1275"]
[Opening "French: advance, Milner-Barry gambit"]
[ECO "C02"]
[NIC "FR.03"]
[Time "19:01:46"]
[TimeControl "1800+10"]

1. e4 e6 2. d4 d5 3. e5 c5 4. c3 Nc6 5. Nf3 Qb6 6. Bd3 Bd7 7. O-O cxd4 8.
cxd4 Nxd4 9. Nxd4 Qxd4 10. Nc3 a6 11. Be3 Qxe5 12. Re1 Bd6 13. g3 Bb4 14.
Bc5 Qxe1+ 15. Qxe1 Bxc5 16. Nxd5 O-O-O 17. Rc1 exd5 18. Rxc5+ Bc6 19. Qc3
Nf6 20. Bxa6 Kb8 21. Qb4 Rd6 22. Rxc6 Rd7 23. Rb6 Re8 24. Rxb7+ Ka8 25. Rxd7
Rb8 26. Rd8 Nd7 27. Qb7# {Black checkmated} 1-0

[Event "ICC tourney 2039 (30 10)"]
[Site "Internet Chess Club"]
[Date "2020.10.04"]
[Round "5"]
[White "AJRChess2011"]
[Black "turtle6"]
[Result "0-1"]
[ICCResult "White checkmated"]
[WhiteElo "1288"]
[BlackElo "1715"]
[Opening "Ruy Lopez: exchange, Keres variation"]
[ECO "C68"]
[NIC "RL.08"]
[Time "19:01:48"]
[TimeControl "1800+10"]

1. e4 e5 2. Nf3 Nc6 3. Bb5 a6 4. Bxc6 dxc6 5. Nc3 Bd6 6. d4 Bg4 7. dxe5 Bxf3
8. Qxf3 Bxe5 9. O-O Qf6 10. Qe2 Ne7 11. Rd1 O-O 12. Qg4 Rad8 13. Bg5 Qg6 14.
f4 Bf6 15. Qg3 Bxg5 16. fxg5 Rd6 17. Qe5 Qe6 18. Qxe6 fxe6 19. Rxd6 cxd6 20.
Rd1 Rd8 21. e5 d5 22. Na4 Ng6 23. Re1 Kf7 24. Nc5 b6 25. Nxa6 Ra8 26. Rf1+
Ke7 27. Nb4 Nxe5 28. a3 c5 29. Nd3 Nxd3 30. cxd3 Ra4 31. Rf3 Rg4 32. Rh3 c4
33. dxc4 dxc4 34. Rc3 b5 35. Rh3 Rxg5 36. Rxh7 Kd6 37. Rh3 Rd5 38. Rg3 Rd1+
39. Kf2 Rd2+ 40. Ke1 Rxb2 41. Kd1 Rb3 42. Rxb3 cxb3 43. Kc1 Kc5 44. Kb2 Kc4
45. g4 e5 46. h4 e4 47. g5 e3 48. h5 e2 49. h6 e1=Q 50. hxg7 Qd2+ 51. Kb1
Qc2+ 52. Ka1 Qa2# {White checkmated} 0-1

[Event "ICC tourney 2039 (30 10)"]
[Site "Internet Chess Club"]
[Date "2020.10.04"]
[Round "5"]
[White "rajisankar01"]
[Black "oxdidi"]
[Result "1/2-1/2"]
[ICCResult "Game drawn by mutual agreement"]
[WhiteElo "787"]
[BlackElo "1083"]
[Opening "Three knights game"]
[ECO "C46"]
[NIC "KP.06"]
[Time "19:01:46"]
[TimeControl "1800+10"]

1. e4 e5 2. Nf3 Nc6 3. Nc3 Bc5 4. Be2 Nf6 5. O-O d6 6. h3 O-O 7. d3 h6 8.
Re1 Be6 9. Be3 Bb6 10. Qd2 Qd7 11. Rad1 Rfe8 12. Bf1 Rad8 13. a3 Bxe3 14.
Qxe3 Nh5 15. Ne2 Ne7 16. Qd2 Ng6 17. Qe3 Nhf4 18. Nxf4 Nxf4 19. Qd2 Qe7 20.
Kh2 Qf6 21. g3 Ng6 22. Bg2 c6 23. Qe2 Bc8 24. c3 d5 25. exd5 cxd5 26. Qc2
Rf8 27. d4 e4 28. Ng1 Bf5 29. Re3 Rc8 30. Qd2 {Game drawn by mutual
agreement} 1/2-1/2

[Event "ICC tourney 2039 (30 10)"]
[Site "Internet Chess Club"]
[Date "2020.10.04"]
[Round "5"]
[White "alex3"]
[Black "orwind"]
[Result "0-1"]
[ICCResult "White resigns"]
[WhiteElo "1531"]
[BlackElo "1514"]
[Opening "Queen's pawn: London system"]
[ECO "A45"]
[NIC "QP.07"]
[Time "19:01:43"]
[TimeControl "1800+10"]

1. d4 Nf6 2. Bf4 d5 3. e3 Bf5 4. Bd3 Bxd3 5. Qxd3 c6 6. Nf3 e6 7. Ne5 Nbd7
8. Nd2 Be7 9. Ndf3 O-O 10. h4 c5 11. c3 c4 12. Qc2 b5 13. g4 Nxe5 14. Nxe5
Bd6 15. g5 Nh5 16. Bh2 f6 17. gxf6 Nxf6 18. a3 Ne4 19. Bf4 Bxe5 20. dxe5 Nc5
21. O-O-O a5 22. Rhg1 Nd3+ 23. Rxd3 cxd3 24. Qxd3 b4 25. h5 bxa3 26. h6
axb2+ 27. Kb1 Rf7 28. Bg5 Qf8 29. Bf6 Qa3 30. Qf1 Qa1+ 31. Kc2 Qxf1 32. Rxf1
gxf6 33. Rg1+ Kf8 34. exf6 Rxf6 35. f4 Rxh6 36. Kxb2 Rh2+ 37. Ka3 a4 38. Re1
Rc2 39. Kb4 a3 40. Ra1 Rb2+ 41. Kc5 a2 42. Kd4 Rb1 {White resigns} 0-1

[Event "ICC tourney 2039 (30 10)"]
[Site "Internet Chess Club"]
[Date "2020.10.04"]
[Round "5"]
[White "suhavit"]
[Black "Yeetamus123"]
[Result "0-1"]
[ICCResult "White checkmated"]
[WhiteElo "1093"]
[BlackElo "1312"]
[Opening "Sicilian defense"]
[ECO "B30"]
[NIC "SI.31"]
[Time "19:01:44"]
[TimeControl "1800+10"]

1. e4 c5 2. Nf3 Nc6 3. Nc3 g6 4. Bb5 Bg7 5. d3 d6 6. Bxc6+ bxc6 7. Bd2 Nf6
8. h3 O-O 9. O-O Rb8 10. Rb1 Be6 11. a3 c4 12. Bf4 cxd3 13. cxd3 Nd7 14. Qd2
Nc5 15. Bh6 Nb3 16. Qe3 d5 17. exd5 cxd5 18. Bxg7 Kxg7 19. Qf4 d4 20. Ne4
Bf5 21. Rfd1 Rb5 22. Qh4 f6 23. Qg3 Qd5 24. Qf4 e5 25. Qg3 Bxe4 26. dxe4
Qxe4 27. Re1 Qc2 28. Qg4 Rf7 29. Qe4 Qxe4 30. Rxe4 Rd7 31. Rd1 d3 32. Nd2
Nd4 33. Nf3 Nxf3+ 34. gxf3 Rxb2 35. Re3 d2 36. Kg2 Rc2 37. Re2 Kh6 38. Kg3
Kg5 39. h4+ Kf5 40. a4 a5 41. Kh3 Kf4 42. Kg2 f5 43. Kh3 Rd5 44. Kg2 h5 45.
Kh3 Kxf3 46. Re3+ Kxf2 47. Rg3 Ke2 48. Rgg1 f4 49. Rh1 f3 50. Rhg1 f2 51.
Rgf1 Rc1 52. Rxc1 dxc1=Q 53. Rxc1 f1=Q+ 54. Rxf1 Kxf1 55. Kg3 Ke2 56. Kg2
Rd3 57. Kh2 Kf2 58. Kh1 Rd4 59. Kh2 Rxh4# {White checkmated} 0-1

[Event "ICC tourney 2039 (30 10)"]
[Site "Internet Chess Club"]
[Date "2020.10.04"]
[Round "5"]
[White "MathMonkey"]
[Black "yanje03"]
[Result "0-1"]
[ICCResult "White checkmated"]
[WhiteElo "975"]
[BlackElo "1494"]
[Opening "Sicilian: Anderssen variation"]
[ECO "B41"]
[NIC "SI.41"]
[Time "19:01:45"]
[TimeControl "1800+10"]

1. e4 c5 2. Nf3 e6 3. d4 cxd4 4. Nxd4 Nf6 5. Nc3 Nc6 6. Be2 Bb4 7. Nxc6 bxc6
8. Qd4 c5 9. Qd3 Qc7 10. O-O Bxc3 11. bxc3 Bb7 12. Bf3 Qe5 13. Re1 Nd5 14.
Rb1 Nb6 15. Bb2 c4 16. Qd2 O-O 17. Ba3 Rfe8 18. Bd6 Qa5 19. Red1 Bc6 20. Bb4
Qa6 21. Qg5 h6 22. Qc1 Qb7 23. Bc5 Bxe4 24. Bxe4 Qxe4 25. Bxb6 axb6 26. Rd4
Qc6 27. Rg4 e5 28. Rb2 Ra6 29. Qe3 f5 30. Rh4 Re6 31. Qe2 b5 32. Qh5 Qd5 33.
g3 e4 34. Rf4 Rf6 35. Qe8+ Kh7 36. Qb8 Rab6 37. Qc7 g5 38. a4 gxf4 39. axb5
Qd1+ 40. Kg2 f3+ 41. Kh3 Qf1+ 42. Kh4 Rfd6 43. Qc5 Kg6 44. g4 f4 45. Qh5+
Kg7 46. Qe5+ Rf6 47. Qe7+ Rf7 48. Qe5+ Rbf6 49. b6 Qxf2+ 50. Kh3 Qg2+ 51.
Kh4 Qxh2# {White checkmated} 0-1

[Event "ICC tourney 2039 (30 10)"]
[Site "Internet Chess Club"]
[Date "2020.10.04"]
[Round "5"]
[White "wildrumpus"]
[Black "blackjack721"]
[Result "1-0"]
[ICCResult "Black resigns"]
[WhiteElo "1498"]
[BlackElo "1481"]
[Opening "Queen's pawn game"]
[ECO "D00"]
[NIC "QP.08"]
[Time "19:02:04"]
[TimeControl "1800+10"]

1. d4 d5 2. e3 e6 3. Bd3 Nf6 4. Nd2 Bd6 5. f4 Nbd7 6. Ngf3 Ng4 7. Qe2 f5 8.
b3 Bb4 9. Bb2 Qf6 10. h3 Nh6 11. a3 Ba5 12. O-O-O c6 13. Ne5 Nxe5 14. fxe5
Qe7 15. Qh5+ Nf7 16. Qe2 g6 17. g4 Bd7 18. b4 Bb6 19. Nb3 Ng5 20. gxf5 exf5
21. Nc5 O-O-O 22. a4 Ne4 23. Bxe4 dxe4 24. a5 Bxc5 25. dxc5 Be6 26. Rd6 Rhf8
27. Rhd1 f4 28. exf4 Qf7 29. Qd2 Rxd6 30. cxd6 Bxh3 31. Kb1 Bg4 32. Rf1 Qf5
33. Qd4 Bh3 34. Qxa7 Rf7 35. Qa8+ Kd7 36. Qxb7+ Ke6 37. Qxc6 Bxf1 38. d7+
Ke7 39. e6 Qxe6 40. Qxe6+ Kxe6 41. d8=Q e3 42. Qb6+ Kf5 43. Qxe3 Kg4 44.
Qg1+ Kh5 45. Qxf1 g5 46. f5 Kg4 47. f6 h5 48. Qc4+ Kg3 49. Qxf7 h4 50. Qg6
g4 51. Be5+ Kh3 52. f7 g3 53. Bxg3 hxg3 54. Qxg3+ Kxg3 55. f8=Q {Black
resigns} 1-0

[Event "ICC tourney 2039 (30 10)"]
[Site "Internet Chess Club"]
[Date "2020.10.04"]
[Round "5"]
[White "Vidipkona"]
[Black "SultanofBling"]
[Result "0-1"]
[ICCResult "White checkmated"]
[WhiteElo "1454"]
[BlackElo "1664"]
[Opening "Caro-Kann: advance variation"]
[ECO "B12"]
[NIC "CK.04"]
[Time "19:01:48"]
[TimeControl "1800+10"]

1. e4 c6 2. d4 d5 3. e5 Bf5 4. h4 h5 5. Nf3 e6 6. Bd3 Bxd3 7. Qxd3 Qa5+ 8.
c3 Qa6 9. Qxa6 Nxa6 10. Nbd2 Ne7 11. Nf1 c5 12. Be3 Nc6 13. Kd2 cxd4 14.
cxd4 Bb4+ 15. Kd3 Nc7 16. N1d2 Be7 17. a3 O-O 18. Nb3 Na6 19. Rac1 Rac8 20.
Rhd1 Rc7 21. Na1 b5 22. b4 Rfc8 23. Nb3 Nab8 24. Ke2 Nd7 25. g3 Nb6 26. Nfd2
Nc4 27. Nxc4 bxc4 28. Nd2 Rb7 29. Nb1 a5 30. bxa5 Nxa5 31. Bd2 Nb3 32. Rc3
Nxd4+ 33. Kf1 Rcb8 34. Rcc1 Nb3 35. Rc2 Ra8 36. Bc3 Bxa3 37. Nxa3 Rxa3 38.
Rb2 Rba7 39. Kg2 Ra2 40. Rdb1 Rxb2 41. Bxb2 Ra2 42. Bc3 Kh7 43. Kf3 Kg6 44.
Ke3 Kf5 45. f3 Rg2 46. Bb2 f6 47. g4+ hxg4 48. fxg4+ Kxg4 49. exf6 gxf6 50.
Bxf6 Rg3+ 51. Ke2 Kf5 52. Bg5 Nd4+ 53. Kf2 Rf3+ 54. Kg2 e5 55. Rd1 Kg4 56.
Re1 e4 57. Rd1 Rd3 58. Rxd3 cxd3 59. Kf2 Nf3 60. Bh6 d4 61. Bc1 d2 62. Bxd2
Nxd2 63. Ke2 Nc4 64. h5 Kxh5 65. Kf2 Kg4 66. Ke2 Kf4 67. Kf2 d3 68. Kf1 Ke3
69. Ke1 d2+ 70. Kd1 Nb2+ 71. Kc2 d1=Q+ 72. Kxb2 Qd4+ 73. Kb3 Kd3 74. Ka3 e3
75. Ka2 e2 76. Kb3 e1=Q 77. Ka3 Qeb4+ 78. Ka2 Qdb2# {White checkmated} 0-1